 Seeded DCSS version 0.28.0-47-ge53b351184 (webtiles) character file.

Game seed: 20220504 (custom seed)

111 jessy the Protected (level 4, -16/38 HPs)
             Began as a Gnoll Wanderer on May 4, 2022.
             Demolished by an ogre
             ... wielding a +0 giant club
              (28 damage)
             ... on level 4 of the Dungeon.
             The game lasted 00:06:31 (2559 turns).

jessy the Protected (Gnoll Wanderer)                Turns: 2559, Time: 00:06:32

Health: -16/38     AC:  9    Str: 11    XL:     4   Next: 92%
Magic:  5/5        EV:  9    Int:  9    God:
Gold:   115        SH:  0    Dex: 16    Spells: 5/5 levels left

rFire   . . .      SeeInvis .   a - +0 quarterstaff
rCold   . . .      Faith    .   (shield currently unavailable)
rNeg    . . .      Spirit   .   d - +0 scale mail
rPois   .          Reflect  .   (no helmet)
rElec   .          Harm     .   (no cloak)
rCorr   .          Rampage  .   (no gloves)
Will    .....                   h - +0 pair of boots
Stlth   +.........              (no amulet)
HPRegen 0.12/turn               (no ring)
MPRegen 0.09/turn               (no ring)

@: no status effects
A: fangs 1, strong nose, distributed training
a: no special abilities


You were on level 4 of the Dungeon.
You visited 1 branch of the dungeon, and saw 4 of its levels.

You collected 115 gold pieces.

Inventory:

Hand Weapons
 a - a +0 quarterstaff (weapon)
 p - a +0 hunting sling
Missiles
 n - 3 poisoned darts (quivered)
 o - 3 curare-tipped darts
 s - 3 boomerangs
Armour
 d - a +0 scale mail (worn)
 h - a +0 pair of boots (worn)
Magical Staves
 j - a staff of earth
 q - a staff of air
Wands
 r - a wand of flame (14)
Scrolls
 b - a scroll of blinking
 f - 2 scrolls of magic mapping {unknown}
 g - a scroll of fog {unknown}
 i - a scroll of fear {unknown}
 m - a scroll of identify {unknown}
Potions
 c - a potion of heal wounds
 e - 2 potions of brilliance {unknown}
 k - a potion of lignification {unknown}
 l - a potion of might {unknown}


   Skills:
 + Level 4.7 Fighting
 + Level 1.2 Short Blades
 + Level 1.2 Long Blades
 + Level 1.2 Axes
 + Level 1.2 Maces & Flails
 + Level 1.2 Polearms
 + Level 2.8 Staves
 + Level 1.2 Slings
 + Level 1.2 Bows
 + Level 1.2 Crossbows
 + Level 1.2 Throwing
 + Level 8.6 Armour
 + Level 1.2 Dodging
 + Level 1.2 Stealth
 + Level 1.2 Shields
 + Level 6.6 Unarmed Combat
 + Level 1.2 Spellcasting
 + Level 1.0 Conjurations
 + Level 1.0 Hexes
 + Level 1.0 Summonings
 + Level 1.0 Necromancy
 + Level 1.0 Translocations
 + Level 1.0 Transmutations
 + Level 1.0 Fire Magic
 + Level 1.0 Ice Magic
 + Level 1.0 Air Magic
 + Level 1.0 Earth Magic
 + Level 1.0 Poison Magic
 + Level 1.4 Invocations
 + Level 1.2 Evocations


You had 5 spell levels left.
You didn't know any spells.
Your spell library contained the following spells:

 Spells                   Type           Power      Damage    Failure   Level
 Stone Arrow              Conj/Erth      4%         3d7       97%         3
 Animate Armour           Summ/Erth      4%         N/A       100%        4
 Lehudib's Crystal Spear  Conj/Erth      1%         10d2      100%        8


Dungeon Overview and Level Annotations

Branches:
Dungeon (4/15)
 Temple: D:4-7

Altars:
Wu Jian


Innate Abilities, Weirdness & Mutations

You have very sharp teeth.
Your uncanny sense of smell can sniff out nearby items.
Your experience applies equally to all skills.


Message History

You hit the orc. You bite the orc.
The orc is almost dead.
The orc hits you with a +0 dagger. The orc closely misses you.
You closely miss the orc.
The orc is almost dead.
The orc hits you but does no damage.
You hit the orc.
You kill the orc!
Things that are here:
a +0 dagger; 3 boomerangs; an orc corpse
Things that are here:
a +0 dagger; 3 boomerangs; an orc corpse
s - 3 boomerangs
Found a stone staircase leading down.
There is a stone staircase leading down here.
You open the door.
There is an open door here.
There is an open door here.
There is a stone staircase leading down here.
There is a stone staircase leading down here.
You climb downwards.
There is a stone staircase leading up here.
As you open the door, it creaks loudly!
An ogre comes into view. It is wielding a +0 giant club.
The ogre shouts!
Found a stone staircase leading down.
There is an open door here.
You hit the ogre.
The ogre is lightly wounded.
The ogre hits you with a +0 giant club!
You sock the ogre!
The ogre is heavily wounded.
You barely miss the ogre. You bite the ogre, but do no damage.
The ogre is heavily wounded.
The ogre hits you with a +0 giant club!
You hit the ogre but do no damage.
The ogre is heavily wounded.
The ogre hits you with a +0 giant club!!
Ouch! That really hurt!
You die...

#.......####.#.##
#...<.......#.#
#..##.##.....#
.... #.###...##
##.# #.# ##.## #
..# #.# ### #.#
##'## #.@.#
#..O..# #.......#
#...>.....#
+.........+
#.........#
##.......##
##.....##


You could see an ogre.

Vanquished Creatures
  Ijyb (D:3)
  3 adders (D:2)
  A worm (D:2)
  An orc (D:3)
  6 endoplasms
  4 giant cockroaches
  4 goblins
  8 hobgoblins
  2 kobolds (D:1)
  4 quokkas
  5 ball pythons
  5 bats
  3 frilled lizards
  4 rats (D:1)
51 creatures vanquished.

Vanquished Creatures (others)
  3 plants (D:2)
3 creatures vanquished.

Grand Total: 54 creatures vanquished

Notes
Turn   | Place    | Note
-------+----------+-------------------------------------------
     0 | D:1      | jessy the Gnoll Wanderer began the quest for the Orb.
     0 | D:1      | jessy set off with the following items: a +0 quarterstaff,
                  | a scroll of blinking, a potion of heal wounds, a +0 scale
                  | mail
     0 | D:1      | Reached XP level 1. HP: 20/20 MP: 1/1
   265 | D:1      | Reached XP level 2. HP: 26/26 MP: 2/2
   849 | D:1      | Reached XP level 3. HP: 25/31 MP: 3/3
  1280 | D:2      | Found a faded altar of an unknown god.
  1580 | D:2      | Reached skill level 1 in Invocations
  1657 | D:2      | Reached skill level 1 in Short Blades
  1657 | D:2      | Reached skill level 1 in Long Blades
  1657 | D:2      | Reached skill level 1 in Axes
  1657 | D:2      | Reached skill level 1 in Maces & Flails
  1657 | D:2      | Reached skill level 1 in Polearms
  1657 | D:2      | Reached skill level 1 in Slings
  1657 | D:2      | Reached skill level 1 in Bows
  1657 | D:2      | Reached skill level 1 in Crossbows
  1657 | D:2      | Reached skill level 1 in Throwing
  1657 | D:2      | Reached skill level 1 in Dodging
  1657 | D:2      | Reached skill level 1 in Stealth
  1657 | D:2      | Reached skill level 1 in Shields
  1657 | D:2      | Reached skill level 1 in Spellcasting
  1657 | D:2      | Reached skill level 1 in Evocations
  1807 | D:2      | Reached XP level 4. HP: 26/38 MP: 5/5
  2116 | D:3      | Found an ornate altar of the Wu Jian Council.
  2208 | D:3      | Noticed Ijyb
  2226 | D:3      | Killed Ijyb
  2227 | D:3      | Reached skill level 1 in Conjurations
  2227 | D:3      | Reached skill level 1 in Hexes
  2227 | D:3      | Reached skill level 1 in Summonings
  2227 | D:3      | Reached skill level 1 in Necromancy
  2227 | D:3      | Reached skill level 1 in Translocations
  2227 | D:3      | Reached skill level 1 in Transmutations
  2227 | D:3      | Reached skill level 1 in Fire Magic
  2227 | D:3      | Reached skill level 1 in Ice Magic
  2227 | D:3      | Reached skill level 1 in Air Magic
  2227 | D:3      | Reached skill level 1 in Earth Magic
  2227 | D:3      | Reached skill level 1 in Poison Magic
  2553 | D:4      | Noticed an ogre
  2559 | D:4      | Demolished by an ogre

Illustrated notes

Levels and vault maps discovered:
D:1:      minmay_arrival_three_doors, layout_basic, minmay_misc_feat_roman
D:2:      minmay_evil_eye, layout_rooms,
          shapermc_ecumenical_altar_mp_urbaneastern
D:3:      layout_basic, nicolae_tso_carved_into_rock, lightli_temple_of_fire,
          chequers_temple_overflow_minitemple, overflow_temple_1_default,
          uniq_ijyb
D:4:      minmay_polygon_palace, layout_loops_corners, vehumet_statue,
          mainiacjoe_overflow_boulevard, lemuel_temple_firewalk_b,
          minmay_misc_feat_pillars, lemuel_flame_loot_1

Skill      XL: |  1  2  3  4 |
---------------+-------------+-----
Invocations    | 1 |  1.4
Short Blades   | 1 |  1.2
Long Blades    | 1 |  1.2
Axes           | 1 |  1.2
Maces & Flails | 1 |  1.2
Polearms       | 1 |  1.2
Slings         | 1 |  1.2
Bows           | 1 |  1.2
Crossbows      | 1 |  1.2
Throwing       | 1 |  1.2
Dodging        | 1 |  1.2
Stealth        | 1 |  1.2
Shields        | 1 |  1.2
Spellcasting   | 1 |  1.2
Evocations     | 1 |  1.2
Conjurations   | 1 |  1.0
Hexes          | 1 |  1.0
Summonings     | 1 |  1.0
Necromancy     | 1 |  1.0
Translocations | 1 |  1.0
Transmutations | 1 |  1.0
Fire Magic     | 1 |  1.0
Ice Magic      | 1 |  1.0
Air Magic      | 1 |  1.0
Earth Magic    | 1 |  1.0
Poison Magic   | 1 |  1.0
Fighting       | |  4.7
Staves         | |  2.8
Armour         | |  8.6
Unarmed Combat | |  6.6

Action                   |  1- 3 |  4- 6 || total
-------------------------+-------+-------++-------
Melee: Quarterstaff      |   137 |    52 ||   189
       Bite              |    12 |     6 ||    18
Armor: Scale mail        |   195 |    29 ||   224
Dodge: Dodged            |   139 |    15 ||   154
